 Dungeon Crawl Stone Soup version 0.27.1 (webtiles) character file.

Game seed: 3512174121902901524

163 Malachi the Skirmisher (level 5, -1/42 HPs)
             Began as a Formicid Abyssal Knight on Aug 21, 2021.
             Was a Priest of Lugonu.
             Slain by an iguana (3 damage)
             ... on level 4 of the Dungeon.
             The game lasted 00:03:52 (4511 turns).

Malachi the Skirmisher (Formicid Abyssal Knight)    Turns: 4511, Time: 00:03:53

Health: -1/42      AC:  3    Str: 17    XL:     5   Next: 72%
Magic:  6/6        EV:  8    Int: 12    God:    Lugonu [***...]
Gold:   226        SH:  0    Dex: 10    Spells: 4/4 levels left

rFire    . . .     SeeInvis +   h - +2 scythe (vorpal)
rCold    . . .     Faith    .   (no shield)
rNeg     . . .     Spirit   .   b - +0 leather armour
rPois    .         Reflect  .   (helmet unavailable)
rElec    .         Harm     .   (no cloak)
rCorr    .         Rampage  .   (no gloves)
Will     +....                  (no boots)
Stlth    +.........             (no amulet)
HPRegen  0.14/turn              e - ring of willpower
MPRegen  0.10/turn              (no ring)

@: constricted
A: permanent stasis, dig shafts and tunnels, antennae 3, four strong arms
a: Dig, Shaft Self, Renounce Religion, Depart the Abyss, Bend Space, Banish


You were on level 4 of the Dungeon.
You worshipped Lugonu.
Lugonu was most pleased with you.
You visited 1 branch of the dungeon, and saw 4 of its levels.
You visited the Abyss 1 time.

You collected 226 gold pieces.

Inventory:

Hand Weapons
 a - a +1 hand axe
 h - a +2 vorpal scythe (weapon)
Armour
 b - a +0 leather armour (worn)
Jewellery
 e - a ring of willpower (left hand)
 j - an amulet of magic regeneration
 l - an amulet of faith
Wands
 m - a wand of paralysis (6)
Scrolls
 d - a scroll of teleportation {unknown}
 n - a scroll of magic mapping
Potions
 c - 3 potions of curing {unknown}
 f - a potion of degeneration {unknown}
 g - a potion of resistance {unknown}
 i - 3 potions of cancellation {unknown}
 k - a potion of lignification {unknown}
 o - a potion of heal wounds {unknown}
 p - a potion of haste {unknown}
 q - a potion of brilliance {unknown}


   Skills:
 + Level 4.0 Fighting
 + Level 2.7(3.2) Axes
 + Level 2.4(3.0) Polearms
 + Level 3.2 Armour
 + Level 1.7 Dodging
 + Level 1.4 Stealth
 + Level 2.3 Invocations


You had 4 spell levels left.
You didn't know any spells.
Your spell library contained the following spells:

 Spells                   Type           Power      Damage    Failure   Level
 Apportation              Tloc           0%         N/A       36%         1
 Foxfire                  Conj/Fire      0%         2x1d4     36%         1
 Sandblast                Erth           0%         2d4       36%         1
 Passwall                 Tmut/Erth      0%         N/A       52%         2
 Sublimation of Blood     Necr           0%         N/A       52%         2
 Conjure Flame            Conj/Fire      0%         6-21      75%         3
 Inner Flame              Hex/Fire       0%         N/A       75%         3
 Petrify                  Tmut/Erth      0%         N/A       98%         4
 Alistair's Intoxication  Tmut/Pois      0%         N/A       100%        5
 Irradiate                Conj/Tmut      0%         3d14      100%        5
 Lee's Rapid Deconstruct  Erth           0%         3d5*      100%        5
 Invisibility             Hex            0%         N/A       100%        6


Dungeon Overview and Level Annotations

Branches:
Dungeon (4/15)
 Temple: D:4-7

Altars:
Gozag
Yredelemnul

Shops:
D:3 :


Innate Abilities, Weirdness & Mutations

You cannot be hasted, slowed, berserked, paralysed or teleported.
You can dig through walls and to a lower floor.
You have a pair of large antennae on your head. (SInv)
Your four strong arms can wield two-handed weapons with a shield.


Message History

An iguana, a ball python and a hobgoblin come into view.
Found a leather armour.
The hobgoblin shouts!
There are monsters nearby!
There are monsters nearby!
There are monsters nearby!
You hit the hobgoblin.
The hobgoblin is almost dead.
The hobgoblin barely misses you.
The hobgoblin hits you but does no damage.
You slash the hobgoblin!
You kill the hobgoblin!
Lugonu accepts your kill. The iguana bites you! The ball python bites you.
The ball python closely misses you. The iguana completely misses you.
You closely miss the iguana. The ball python bites you.
The ball python barely misses you. The iguana barely misses you.
The ball python closely misses you. x2
You barely miss the iguana. The ball python misses you.
The ball python grabs you. The ball python constricts you.
The iguana bites you. The ball python bites you.
The ball python constricts you. The iguana closely misses you.
The ball python bites you. The ball python constricts you.
You are too injured to fight recklessly!
You are too injured to fight recklessly!
You are too injured to fight recklessly!
You are too injured to fight recklessly!
You closely miss the iguana. The iguana bites you.
The ball python barely misses you. The ball python constricts you.
The iguana misses you. The ball python closely misses you.
The ball python constricts you.
You closely miss the iguana. The ball python barely misses you.
The ball python constricts you. The iguana bites you!
* * * LOW HITPOINT WARNING * * *
The ball python bites you.
* * * LOW HITPOINT WARNING * * *
The ball python constricts you.
* * * LOW HITPOINT WARNING * * *
The iguana bites you.
You die...

.....).#
#..#.##..#..#.†#..##
.......#
###..#.##(..##.###..#
.#.....#
{#.....#.##.)#..#..###
##.....#
###..#..#.##)..###..#{
#......#
{#..##.#..#.##..#..###
.......#
###..##.#..#.#####..#
.#####.#
#..#####.#..#.##..### ##
#.# ###..#..##.#..#.##..#
###
#.#{#..###.@S##.#..#..###
..#
#.####..#..#l.##.#.....#
..#
#.##..###.##...##.#..###
..# #.###..#..#
.#..##.#.. ..#
#.#..###.## ##...##..#
..# ###...'..# #[.##.+
..#######.######
##########
.......#..####.##
#........#
...###..........#
#........#


You could see an iguana and a ball python.

Vanquished Creatures
  A hound skeleton (D:4)
  5 adders
  2 adder skeletons
  2 dart slugs (D:2)
  6 worms
  An orc (D:4)
  11 ball pythons
  7 endoplasms
  3 giant cockroaches
  9 goblins
  7 hobgoblins
  4 quokkas
  7 bats
  4 frilled lizards
  4 kobolds
  5 rats
78 creatures vanquished.

Notes
Turn   | Place    | Note
-------+----------+-------------------------------------------
     0 | Abyss:1  | Malachi the Formicid Abyssal Knight began the quest for the
                  | Orb.
     0 | Abyss:1  | Reached XP level 1. HP: 18/18 MP: 2/2
    21 | D:1      | Escaped the Abyss
   303 | D:1      | Reached XP level 2. HP: 23/24 MP: 3/3
   332 | D:1      | Reached skill level 1 in Dodging
  1210 | D:2      | Reached XP level 3. HP: 28/30 MP: 4/4
  1251 | D:2      | Reached ** piety under Lugonu
  1515 | D:2      | Reached skill level 1 in Polearms
  1515 | D:2      | Reached XP level 4. HP: 16/37 MP: 5/5
  2112 | D:2      | Found a faded altar of an unknown god.
  3175 | D:3      | Reached XP level 5. HP: 42/42 MP: 6/6
  3224 | D:3      | Found Lotiumn's Book Shoppe.
  3274 | D:3      | Found an opulent altar of Gozag.
  3679 | D:4      | Reached skill level 1 in Stealth
  4114 | D:4      | Reached *** piety under Lugonu
  4215 | D:4      | Found a basalt altar of Yredelemnul.
  4317 | D:4      | Reached skill level 4 in Fighting
  4511 | D:4      | HP: 2/42 [constriction (1)]
  4511 | D:4      | Slain by an iguana

Illustrated notes

Levels and vault maps discovered:
D:1:      dpeg_arrival_round_c, layout_basic
D:2:      minmay_chambers_of_ones, layout_rooms, ebering_ecumenical_altar_hall
D:3:      layout_loops_corners, mainiacjoe_overflow_tiny_flanked, serial_shops,
          nicolae_shop_behind_doors
D:4:      minmay_razor_zed, layout_rooms, kennysheep_mini

Skill      XL: |  1  2  3  4  5 |
---------------+----------------+-----
Dodging        | 1 |  1.7
Polearms       | 1 2 |  2.4
Armour         | 3 |  3.2
Stealth        | 1 |  1.4
Fighting       | 4 |  4.0
Axes           | |  2.7
Invocations    | |  2.3

Action                   |  1- 3 |  4- 6 || total
-------------------------+-------+-------++-------
Melee: Hand axe          |    50 |       ||    50
       Scythe            |    42 |   124 ||   166
  Use: Scroll            |       |     3 ||     3
 Stab: Sleeping          |       |     6 ||     6
Armor: Leather armour    |    32 |    39 ||    71
Dodge: Dodged            |    78 |   106 ||   184
